 Dungeon Crawl Stone Soup version 0.30-a0-34-gbe8da3892a (webtiles) character file.

Game seed: 4398524902184874465

2376 ytrimaz the Changer (level 9, 0/57 (69) HPs)
             Began as an Octopode Transmuter on Aug 27, 2022.
             Slain by a wight
             ... wielding a +2 falchion of freezing
              (12 damage)
             ... on level 7 of the Dungeon.
             The game lasted 00:08:43 (9505 turns).

ytrimaz the Changer (Octopode Transmuter)           Turns: 9505, Time: 00:08:43

HP:   0/57 (69)     AC:  9    Str:  8 (10) XL:     9   Next: 45%
MP:   20/20         EV: 10    Int: 18 (19) God:
Gold: 246           SH:  0    Dex: 12      Spells: 13/22 levels left

rFire   x . .      SeeInvis .      - Unarmed
rCold   + + +      Faith    .    (shield currently unavailable)
rNeg    . . .      Spirit   .    (helmet currently unavailable)
rPois   +          Reflect  .    (no amulet)
rElec   .          Harm     .    (no ring)
rCorr   .          Rampage  .    (no ring)
Will    .....                    (no ring)
Stlth   +.........               (no ring)
HPRegen 0.19/turn                (no ring)
MPRegen 0.17/turn                (no ring)
                                 (no ring)
                                 (no ring)

@: ice-form, heavily drained
A: freezing attack, boosted hp, almost no armour, amphibious, 8 rings, large,
(camouflage 1), (gelatinous body 1), (nimble swimmer 1), (tentacles), (poison
resistance), robust 1, wild magic 1
a: End Transformation


You were on level 7 of the Dungeon.
You were a creature of crystalline ice.
You visited 1 branch of the dungeon, and saw 7 of its levels.

You collected 246 gold pieces.

Inventory:

Missiles
 i - a throwing net (quivered)
Wands
 k - a wand of flame (13)
 l - a wand of roots (8)
Scrolls
 c - 3 scrolls of noise
 d - 4 scrolls of teleportation
 f - a scroll of poison
 j - a scroll of magic mapping
Potions
 b - 2 potions of mutation
 m - 2 potions of degeneration
 n - 2 potions of haste
 o - a potion of brilliance {unknown}


   Skills:
 - Level 1.0 Fighting
 - Level 2.0 Dodging
 - Level 4.1 Unarmed Combat
 + Level 7.4 Spellcasting
 + Level 7.4 Transmutations
 * Level 4.2 Ice Magic
 - Level 4.0 Poison Magic


You had 13 spell levels left.
You knew the following spells:

 Your Spells              Type           Power      Damage    Failure   Level
a - Ice Form              Ice/Tmut       35%        N/A       14%         4
b - Wereblood             Tmut           43%        N/A       1%          2
c - Spider Form           Tmut/Pois      35%        N/A       5%          3

Your spell library contained the following spells:

 Spells                   Type           Power      Damage    Failure   Level
 Beastly Appendage        Tmut           86%        N/A       1%          1
 Blink                    Tloc           16%        N/A       22%         2
 Dazzling Flash           Conj/Hex       16%        N/A       38%         3
 Iskenderun's Mystic Bla  Conj/Tloc      8%         2d4       78%         4
 Freezing Cloud           Conj/Ice/Air   7%         6-21      89%         5
 Manifold Assault         Tloc           8%         N/A       98%         5
 Simulacrum               Ice/Necr       9%         N/A       100%        6
 Starburst                Conj/Fire      4%         6d3       100%        6
 Storm Form               Tmut/Air       13%        N/A       100%        7
 Polar Vortex             Ice            14%        N/A       100%        9


Dungeon Overview and Level Annotations

Branches:
Dungeon (7/15)
 Temple: D:4-7

Altars:
Cheibriados
Gozag
Nemelex Xobeh
Trog
Yredelemnul

Annotations:
D:2 1 runed translucent door, Crazy Yiuf
D:6 exclusion: centaur
D:7 1 runed translucent door


Innate Abilities, Weirdness & Mutations

You are a creature of crystalline ice.
You have a powerful freezing melee attack.
Your maximum health is increased.
Your armour is entirely melded.
You are incapable of wielding weapons or throwing items.
You cannot wear most types of armour.
You are amphibious.
You can wear up to eight rings at the same time.
((Your skin changes colour to match your surroundings (Stealth+).))
((Your rubbery body absorbs attacks. (AC +1, EV +1)))
((You are camouflaged when in or above water. (Stealth+)))
((You have tentacles for arms and can constrict up to eight enemies at once.))
((Your system is resistant to poisons. (rPois)))
You are robust. (+10% HP)
Your spells are a little harder to cast, but a little more powerful.


Message History

The wight is moderately damaged.
You hit the wight but do no damage.
The wight is moderately damaged.
The wight barely misses you. The wight completely misses you.
You hit the wight but do no damage.
The wight is moderately damaged.
The wight barely misses you.
The wight hits you with a +2 falchion of freezing.
Unknown command.
You completely miss the wight.
The wight is moderately damaged.
The wight barely misses you.
The wight hits you with a +2 falchion of freezing!
You feel drained. The wight freezes you.
You hit the wight but do no damage.
The wight is moderately damaged.
The wight hits you but does no damage. The wight misses you.
You barely miss the wight.
The wight is moderately damaged.
The wight hits you with a +0 battleaxe.
The wight hits you with a +2 falchion of freezing.
You feel drained.
You hit the wight.
The wight is moderately damaged.
The wight hits you with a +0 battleaxe.
You feel drained. The wight closely misses you.
You hit the wight.
The wight is heavily damaged.
The wight barely misses you. The wight closely misses you.
You hit the wight.
The wight is heavily damaged.
The wight hits you with a +0 battleaxe.
You feel drained.
The wight hits you with a +2 falchion of freezing!
* * * LOW HITPOINT WARNING * * *
You feel drained.
You are too injured to fight recklessly!
Unknown command.
The wight attacks as you move away!
The wight hits you with a +2 falchion of freezing!
You die...

#####............... ..
#...................
...##........[..........
...#.......###..........
#..........###..........
.....#.)...##..........
#..#.##...........##.
..##...)###..##.......#.
......zY# ##.##.........
.....##z# #.....###..#.
#...# #.........# #..##.
#... ........#.# ##.##.
..# ..........#.. #..#.
.# #............. ..##.
........... .. #.
............ .....
.....#............ ....#


You could see 2 wights.

Vanquished Creatures
  2 steam dragons
  Menkaure (D:7)
  Edmund (D:5)
  A black bear (D:4)
  A sky beast (D:7)
  2 phantoms
  A centaur (D:5)
  4 bullfrogs (D:7)
  Blork the orc (D:6)
  A necrophage (D:4)
  2 scorpions
  2 water moccasin zombies (D:5)
  3 wights (D:7)
  A centaur zombie (D:5)
  2 bullfrog zombies (D:5)
  4 hounds
  An orc priest (D:7)
  4 iguanas
  Natasha (thrice) (D:3)
  3 orc wizards
  8 adders
  An ufetubus (D:4)
  An adder zombie (D:5)
  3 worms
  3 dart slugs
  17 orcs
  6 ball pythons
  12 endoplasms
  3 giant cockroaches
  8 goblins
  4 hobgoblins
  3 jackals (D:4)
  4 kobolds
  3 quokkas
  5 bats
  6 frilled lizards
  2 rats
129 creatures vanquished.

Notes
Turn   | Place    | Note
-------+----------+-------------------------------------------
     0 | D:1      | ytrimaz the Octopode Transmuter began the quest for the
                  | Orb.
     0 | D:1      | Reached XP level 1. HP: 13/13 MP: 3/3
   407 | D:1      | Reached XP level 2. HP: 16/18 MP: 3/5
   478 | D:1      | Found a faded altar of an unknown god.
   947 | D:1      | Learned a level 2 spell: Wereblood
   959 | D:2      | Reached XP level 3. HP: 16/23 MP: 4/6
   963 | D:2      | Learned a level 3 spell: Spider Form
  1328 | D:2      | Reached skill level 1 in Poison Magic
  1411 | D:2      | Reached XP level 4. HP: 26/28 MP: 5/7
  1806 | D:2      | Found a runed translucent door.
  1807 | D:2      | Noticed Crazy Yiuf
  2572 | D:3      | Noticed Natasha
  2580 | D:3      | Killed Natasha
  2705 | D:3      | Reached XP level 5. HP: 30/33 MP: 9/9
  2718 | D:3      | Learned a level 4 spell: Ice Form
  2781 | D:3      | Noticed Natasha
  2790 | D:3      | Killed Natasha
  2869 | D:3      | Noticed Natasha
  2883 | D:3      | Killed Natasha
  3692 | D:3      | Found a sparkling altar of Nemelex Xobeh.
  3895 | D:4      | Noticed a black bear
  3906 | D:4      | Killed a black bear
  3907 | D:4      | Reached XP level 6. HP: 22/38 MP: 6/11
  4143 | D:4      | Reached XP level 7. HP: 30/43 MP: 5/13
  4389 | D:4      | Found an opulent altar of Gozag.
  5074 | D:5      | Entered Level 5 of the Dungeon
  5077 | D:4      | Gained mutation: Your spells are a little harder to cast,
                  | but a little more powerful. [potion of mutation]
  5077 | D:4      | Gained mutation: You are robust. (+10% HP) [potion of
                  | mutation]
  5077 | D:4      | Gained mutation: Your system is resistant to poisons.
                  | (rPois) [potion of mutation]
  5176 | D:5      | Found a basalt altar of Yredelemnul.
  5208 | D:5      | Reached skill level 5 in Transmutations
  5453 | D:5      | Noticed Edmund
  5609 | D:5      | Killed Edmund
  5610 | D:5      | Reached skill level 5 in Spellcasting
  5610 | D:5      | Reached skill level 1 in Ice Magic
  5610 | D:5      | Reached XP level 8. HP: 21/52 MP: 15/15
  7184 | D:6      | Noticed Blork the orc
  7197 | D:6      | Killed Blork the orc
  8103 | D:7      | Reached XP level 9. HP: 14/58 MP: 12/18
  8655 | D:7      | Noticed Menkaure
  8664 | D:7      | Killed Menkaure
  8872 | D:7      | Found a snail-covered altar of Cheibriados.
  8879 | D:7      | Found a bloodstained altar of Trog.
  8886 | D:7      | Found a runed translucent door.
  9505 | D:7      | Slain by a wight

Illustrated notes

Levels and vault maps discovered:
D:1:      beargit_arrival_diablo_church, layout_basic,
          shapermc_ecumenical_altar_totnotflames
D:2:      layout_loops_ring, uniq_crazy_yiuf_cottage
D:3:      mumra_celtic_spiral_tile, layout_basic,
          mainiacjoe_overflow_concentric_impassable, uniq_natasha
D:4:      layout_basic, grunt_gozag_statues
D:5:      layout_cave_pools, nicolae_yredelemnul_corpse_copse,
          chequers_serial_rivers_small_b, kennysheep_minor_cross, uniq_edmund
D:6:      layout_basic, kennysheep_pointless_box, uniq_blork_the_orc
D:7:      layout_cave_pools, mainiacjoe_overflow_large_starburst,
          temple_statues, lightli_church_of_beogh, uniq_menkaure

Skill      XL: |  1  2  3  4  5  6  7  8  9 |
---------------+----------------------------+-----
Unarmed Combat | 4 |  4.1
Poison Magic   | 1 2 3 4 |  4.0
Transmutations | 3 4 5 6 7 |  7.4
Spellcasting   | 3 4 5 6 7 |  7.4
Ice Magic      | 1 3 4 |  4.2
Fighting       | |  1.0
Dodging        | |  2.0

Action                   |  1- 3 |  4- 6 |  7- 9 || total
-------------------------+-------+-------+-------++-------
Melee: Unarmed           |    63 |    99 |   304 ||   466
       Constrict         |    11 |    12 |     6 ||    29
       Tentacles         |     8 |     6 |    10 ||    24
       Punch             |     3 |     1 |       ||     4
       Kick              |    17 |     6 |       ||    23
 Cast: Beastly Appendage |    20 |     6 |       ||    26
       Spider Form       |       |    10 |    23 ||    33
       Wereblood         |       |     1 |     6 ||     7
       Ice Form          |       |       |    10 ||    10
 Abil: End Transformatio |       |       |     1 ||     1
  Use: Scroll            |     3 |     7 |     3 ||    13
       Potion            |       |     1 |    12 ||    13
 Stab: Sleeping          |     4 |     4 |       ||     8
Armor: Skin              |    11 |    12 |    92 ||   115
Dodge: Dodged            |    52 |    98 |   253 ||   403

Table legend: (Time is in decaauts)
 A = Elapsed time spent in this place.
 B = Non-inter-level travel time spent in this place.
 C = Inter-level travel time spent in this place.
 D = Time resting spent in this place.
 E = Time spent auto-exploring this place.
 F = Levels seen in this place.
 G = Mean time per level.
                   A        B        C        D        E       F      G
               +--------+--------+--------+--------+--------+-----+--------+
         Total |   9463 |   9223 |    240 |    653 |   7208 |   7 | 1351.9 |
       Dungeon |   9463 |   9223 |    240 |    653 |   7208 |   7 | 1351.9 |
               +--------+--------+--------+--------+--------+-----+--------+

Top non-repeatable levels by time:
     D:6: 1799 daAuts
     D:3: 1551 daAuts
     D:2: 1384 daAuts
     D:7: 1311 daAuts
     D:4: 1256 daAuts
     D:5: 1212 daAuts
     D:1: 946 daAuts
